 Dungeon Crawl Stone Soup version 0.27.0-66-gdc8fb28755 (console) character file.

Game seed: 16108147063779911470

31736 thromnambular the Archer (level 13, -1/153 HPs)
             Began as a Demonspawn Wanderer on Aug 17, 2021.
             Was a High Priest of Fedhas.
             Slain by a spriggan rider (5 damage)
             ... on level 6 of the Lair of Beasts on Aug 20, 2021.
             The game lasted 01:20:51 (14534 turns).

thromnambular the Archer (Demonspawn Wanderer)     Turns: 14534, Time: 01:20:52

Health: -1/153     AC: 26    Str: 15    XL:     13   Next: 27%
Magic:  17/19      EV:  2    Int: 14    God:    Fedhas [*****.]
Gold:   788        SH:  0    Dex: 15    Spells: 10/16 levels left

rFire    . . .     SeeInvis .   a - +2 shortbow
rCold    . . .     Faith    .   (shield currently unavailable)
rNeg     + + +     Spirit   .   (armour currently unavailable)
rPois    +         Reflect  .   (helmet currently unavailable)
rElec    .         Harm     .   (cloak currently unavailable)
rCorr    .         Rampage  .   (gloves currently unavailable)
Will     .....     NoTele   +   (boots currently unavailable)
Stlth    +++.......             h - amulet of regeneration
HPRegen  1.35/turn              i - +4 ring of slaying
MPRegen  0.16/turn              l - +4 ring of evasion

@: tree-form
A: stationary, stasis, torment immunity, boosted hp, (talons 1), (yellow scales
2), ignite blood 1, (spiny 1), (horns 1)
a: Renounce Religion, Wall of Briars, Grow Ballistomycete, Overgrow, Grow Oklob


You were on level 6 of the Lair of Beasts.
You worshipped Fedhas.
Fedhas was extremely pleased with you.
You were a tree.
You visited 3 branches of the dungeon, and saw 15 of its levels.
You also visited: Sewer and Bailey.

You collected 788 gold pieces.

Inventory:

Hand Weapons
 a - a +2 shortbow (weapon)
 b - a +2 long sword of electrocution
 s - a +1 trident of pain
 C - a +0 quick blade of flaming
Missiles
 d - 56 arrows (quivered ammo)
 e - 3 datura-tipped darts
Armour
 c - a +0 troll leather armour
 n - a +2 cloak of willpower (melded)
 q - a +2 hat of stealth (melded)
 r - a +2 pair of boots (melded)
 y - the +7 chain mail of Howling Wind (melded) {rCorr}
   (You found it on level 8 of the Dungeon)

   rCorr:     It protects you from acid and corrosion.
Jewellery
 h - an amulet of regeneration (around neck)
 i - a +4 ring of slaying (left branch)
 k - a ring of wizardry
 l - a +4 ring of evasion (right branch)
 o - a ring of fire
 w - a ring of positive energy
Wands
 f - a wand of iceblast (18)
 t - a wand of mindburst (2)
 v - a wand of flame (45)
 x - a wand of acid (21)
 z - a wand of polymorph (11)
Scrolls
 g - a scroll of enchant weapon
 u - 2 scrolls of fog
 D - a scroll of magic mapping
Potions
 m - 6 potions of attraction


   Skills:
 + Level 9.7 Fighting
 - Level 7.0 Long Blades
 + Level 10.0 Bows
 - Level 1.0 Crossbows
 + Level 8.3 Armour
 - Level 9.3 Dodging
 - Level 4.0 Stealth
 - Level 2.0 Spellcasting
 - Level 4.0 Translocations
 + Level 9.1 Invocations
 - Level 2.1 Evocations


You had 10 spell levels left.
You knew the following spells:

 Your Spells              Type           Power      Damage    Failure   Level
a - Gell's Gravitas       Tloc           6%         N/A       14%         3
b - Teleport Other        Tloc           12%        N/A       14%         3

Your spell library contained the following spells:

 Spells                   Type           Power      Damage    Failure   Level
 Lesser Beckoning         Tloc           6%         N/A       14%         3
 Foxfire                  Conj/Fire      4%         2x1d4     24%         1
 Magic Dart               Conj           4%         1d3       24%         1
 Call Imp                 Summ           1%         N/A       34%         2
 Conjure Flame            Conj/Fire      1%         6-21      56%         3
 Ignite Poison            Fire/Tmut/Pois 1%         N/A       56%         3
 Inner Flame              Hex/Fire       1%         N/A       56%         3
 Mephitic Cloud           Conj/Pois/Air  1%         N/A       56%         3
 Bolt of Magma            Conj/Fire/Erth 0%         4d4       100%        5
 Fireball                 Conj/Fire      0%         3d3       100%        5
 Iskenderun's Battlesphe  Conj           1%         2d6       100%        5
 Conjure Ball Lightning   Conj/Air       0%         3x3d6     100%        6
 Orb of Destruction       Conj           0%         N/A       100%        7


Dungeon Overview and Level Annotations

Branches:
Dungeon (8/15)             Temple (1/1) D:5            Lair (6/6) D:8
 Shoals (0/4) Lair:2        Snake (0/4) Lair:2        Slime (0/5) Lair:6
  Sewer (visited)          Bailey (visited)

Altars:
Ashenzari
Cheibriados
Dithmenos
Elyvilon
Fedhas
Gozag
Hepliaklqana
Kikubaaqudgha
Makhleb
Nemelex Xobeh
Okawaru
Qazlal
Ru
Sif Muna
Trog
Uskayaw
Vehumet
Wu Jian
Xom
Yredelemnul
Zin
The Shining One

Annotations:
D:3 Dowan, Duvessa


Innate Abilities, Weirdness & Mutations

You are a tree.
Your roots penetrate the ground, keeping you stationary.
You cannot be teleported.
You are immune to unholy pain and torment.
Your maximum health is greatly increased.
Your equipment is partially melded.
((You have sharp toenails.))
((You are mostly covered in yellow scales. (AC +3)))
Your demonic aura sometimes causes spilled blood to erupt in flames.
((You are partially covered in sharp spines.))
((You have a pair of small horns on your head.))


Message History

You cannot grow anything here.
Unknown command.
You feel better.
The spriggan hits something with a +0 short sword!
The spriggan rider hits you but does no damage.
The spriggan rider hits you from afar with a +0 spear.
* * * LOW HITPOINT WARNING * * *
The spriggan hits something with a +0 dagger.
Okay, then.
Okay, then.
Really quaff the potion of lignification?
You turn into a tree.
Your +2 cloak of willpower melds into your body.
Your +2 hat of stealth melds into your body.
Your +2 pair of boots melds into your body.
The +7 chain mail of Howling Wind {rCorr} melds into your body.
You feel less strong-willed.
You feel less stealthy.
Your roots penetrate the ground.
The spriggan rider hits you from afar with a +0 spear of freezing.
* * * LOW HITPOINT WARNING * * *
The spriggan rider freezes you.
* * * LOW HITPOINT WARNING * * *
The spriggan rider hits you but does no damage.
The spriggan hits your briar patch but does no damage.
Something hits your briar patch.
Your briar patch is destroyed!
Your +2 long sword of electrocution stops crackling.
a - a +2 shortbow (weapon)
The spriggan rider hits you but does no damage.
The spriggan rider hits you from afar with a +0 spear!
* * * LOW HITPOINT WARNING * * *
A black bear comes into view.
You are too injured to fight recklessly!
Fire: 57 arrows
Press: ? - help, Q - select action, (/) - cycle Shift-Dir - straight line, f - spriggan
Aim: a spriggan, wielding a +0 dagger, wearing a +0 robe and wearing a +0 buckler (53% to hit)
You shoot an arrow. The arrow misses the spriggan.
The spriggan hits you but does no damage.
The spriggan rider hits you from afar with a +0 spear of freezing.
You die...
Fedhas appreciates your contribution to the ecosystem.

#### ###### ###.P###
##.P#♣# #....P.##
#(ihiP#####.......#
##.kii##.#.........#
#...(i.##..........#
#..(...............#
#((..((..........###
#.(..............#.#
#.h...............###
.(................#
.#................###


You could see 2 spriggan riders, a rime drake (summoned), a black bear, 3
spriggans and a wolf.

Vanquished Creatures
  Gastronok (Lair:1)
  5 hydras
  Harold (D:8)
  7 death yaks
  Sonja (Lair:4)
  An orc knight (Bailey)
  An orb spider (Lair:3)
  Pikel (D:5)
  2 black mambas
  A merfolk siren (Lair:2)
  9 cane toads
  7 komodo dragons
  A merfolk (Lair:2)
  A polar bear (Lair:6)
  Prince Ribbit (D:5)
  2 hornets
  9 blink frogs
  2 wyverns
  A spriggan (Lair:6)
  19 yaks
  8 basilisks
  A steam dragon (D:8)
  16 water moccasins
  8 orc warriors
  2 sky beasts
  2 black bears (Lair:5)
  4 ogres
  2 centaurs
  21 wolves
  3 lemures (D:5)
  Blork the orc (D:5)
  16 bullfrogs
  2 scorpions
  A water moccasin zombie (D:6)
  3 killer bees (D:7)
  An electric eel (Lair:4)
  2 jellies
  A centaur zombie (D:7)
  2 bullfrog skeletons
  A centaur skeleton (D:6)
  A gnoll shaman (D:6)
  3 orc priests
  4 hounds
  6 orc wizards
  2 iguanas
  A hound skeleton (D:5)
  Robin (D:2)
  22 gnolls
  15 adders
  2 river rats (D:4)
  2 white imps (D:6)
  An adder skeleton (D:4)
  4 worms
  5 dart slugs
  37 orcs
  4 endoplasms
  9 giant cockroaches
  26 goblins
  24 hobgoblins
  7 jackals
  3 kobolds
  2 quokkas
  19 ball pythons
  5 bats
  8 frilled lizards
  6 rats
389 creatures vanquished.

Vanquished Creatures (collateral kills)
  A spriggan (Lair:6)
  A yak (Lair:3)
  4 wolves (Lair:6)
  6 ballistomycete spores
12 creatures vanquished.

Vanquished Creatures (others)
  An orc priest (D:5)
  52 fungi
  57 plants
110 creatures vanquished.

Grand Total: 511 creatures vanquished

Notes
Turn   | Place    | Note
-------+----------+-------------------------------------------
     0 | D:1      | thromnambular the Demonspawn Wanderer began the quest for
                  | the Orb.
     0 | D:1      | thromnambular set off with the following items: a +0
                  | shortbow, a potion of curing, a +2 scale mail, 27 arrows
     0 | D:1      | Reached XP level 1. HP: 18/18 MP: 1/1
    69 | D:1      | Reached skill level 2 in Bows
    79 | D:1      | Gained mutation: You are partially covered in yellow
                  | scales. (AC +2) [demonic ancestry]
    79 | D:1      | Reached XP level 2. HP: 24/24 MP: 2/2
   542 | D:1      | You fall into a shaft and drop 1 floor!
   588 | D:1      | Found a faded altar of an unknown god.
  1126 | D:2      | Reached skill level 1 in Dodging
  1126 | D:2      | Gained mutation: You are mostly covered in yellow scales.
                  | (AC +3) [demonic ancestry]
  1126 | D:2      | Reached XP level 3. HP: 29/29 MP: 3/3
  1797 | D:2      | Reached XP level 4. HP: 36/36 MP: 4/4
  1993 | D:2      | Noticed Robin
  2164 | D:2      | Killed Robin
  2329 | D:3      | Reached skill level 3 in Bows
  2605 | D:3      | Reached XP level 5. HP: 38/42 MP: 5/5
  2670 | D:3      | Learned a level 3 spell: Gell's Gravitas
  3408 | D:4      | Reached skill level 1 in Stealth
  3408 | D:4      | Reached skill level 1 in Translocations
  3446 | D:4      | Reached XP level 6. HP: 44/48 MP: 6/6
  3544 | D:4      | Found a glowing drain.
  3559 | Sewer    | Entered a sewer
  3849 | Sewer    | Reached skill level 4 in Bows
  4151 | D:4      | Noticed Dowan
  4180 | D:4      | Noticed Duvessa
  4306 | D:3      | Reached XP level 7. HP: 39/54 MP: 7/7
  4894 | D:5      | Entered Level 5 of the Dungeon
  5059 | D:5      | Noticed Prince Ribbit
  5072 | D:5      | Killed Prince Ribbit
  5083 | D:5      | Reached XP level 8. HP: 59/60 MP: 8/8
  5194 | D:5      | Found a sparkling altar of Nemelex Xobeh.
  5255 | D:5      | Reached skill level 5 in Bows
  5396 | D:5      | Noticed Pikel
  5704 | D:5      | Noticed Blork the orc
  5721 | D:5      | Killed Blork the orc
  5748 | D:5      | Found a staircase to the Ecumenical Temple.
  5775 | Temple   | Entered the Ecumenical Temple
  5994 | Temple   | Became a worshipper of Fedhas Madash
  6381 | D:5      | Killed Pikel
  6382 | D:5      | Reached skill level 5 in Dodging
  6583 | D:5      | Found the +3 giant club "Skullcrusher" {speed, Str+7}
  6718 | D:5      | Reached skill level 1 in Invocations
  6898 | D:6      | Reached skill level 6 in Bows
  6922 | D:6      | Gained mutation: Your demonic aura sometimes causes spilled
                  | blood to erupt in flames. [demonic ancestry]
  6922 | D:6      | Reached XP level 9. HP: 65/65 MP: 10/10
  7401 | D:6      | Reached * piety under Fedhas
  8055 | D:7      | Learned a level 3 spell: Teleport Other
  8082 | D:7      | Noticed a deep elf pyromancer
  8671 | D:8      | Paralysed by a hornet for 1 turns
  8678 | D:8      | Paralysed by a hornet for 1 turns
  8681 | D:8      | Reached skill level 5 in Fighting
  8681 | D:8      | Reached skill level 5 in Invocations
  8697 | D:8      | Reached skill level 7 in Bows
  8745 | D:8      | Found a flagged portal.
  8777 | Bailey   | Entered a bailey
  8864 | Bailey   | Reached ** piety under Fedhas
  9059 | Bailey   | Noticed an orc knight
  9066 | Bailey   | Killed an orc knight
  9067 | Bailey   | Reached skill level 1 in Long Blades
  9067 | Bailey   | Reached XP level 10. HP: 74/74 MP: 14/14
  9116 | Bailey   | Reached *** piety under Fedhas
  9136 | Bailey   | Noticed an orc warlord
  9171 | Bailey   | Noticed an orc knight
  9262 | D:8      | Acquired a +1 cloak of willpower
  9293 | D:8      | Noticed Harold
  9301 | D:8      | Killed Harold
  9483 | D:8      | Found a staircase to the Lair.
  9484 | D:8      | Identified the +7 chain mail of Howling Wind {rCorr}
  9944 | Lair:1   | Entered Level 1 of the Lair of Beasts
 10083 | Lair:1   | Reached skill level 8 in Bows
 10201 | Lair:1   | Reached XP level 11. HP: 78/83 MP: 16/16
 10234 | Lair:1   | Gained mutation: You have a pair of small horns on your
                  | head. [potion of mutation]
 10267 | Lair:1   | Noticed Gastronok
 10305 | Lair:1   | Killed Gastronok
 10641 | Lair:2   | Reached **** piety under Fedhas
 10658 | Lair:2   | Reached skill level 9 in Bows
 10719 | Lair:2   | Reached skill level 5 in Armour
 10774 | Lair:2   | Found a staircase to the Snake Pit.
 11220 | Lair:2   | Found a staircase to the Shoals.
 11534 | Lair:3   | Noticed a death yak
 11537 | Lair:3   | Noticed a five-headed hydra
 11537 | Lair:3   | Noticed a death yak
 11540 | Lair:3   | Noticed a death yak
 11565 | Lair:2   | Killed a death yak
 11675 | Lair:3   | Killed a five-headed hydra
 11725 | Lair:3   | Killed a death yak
 11726 | Lair:3   | Reached skill level 5 in Long Blades
 11732 | Lair:3   | Killed a death yak
 11737 | Lair:3   | Gained mutation: You have sharp toenails. [demonic
                  | ancestry]
 11737 | Lair:3   | Reached XP level 12. HP: 69/92 MP: 17/17
 11789 | Lair:3   | Upgraded the game from 0.27.0-1-g7a089689b8 to
                  | 0.27.0-66-gdc8fb28755
 12431 | Lair:4   | Noticed Sonja
 12435 | Lair:4   | Killed Sonja
 12728 | Lair:4   | Reached skill level 1 in Spellcasting
 13237 | Lair:5   | Reached ***** piety under Fedhas
 13370 | Lair:5   | Noticed an eight-headed hydra
 13373 | Lair:5   | Noticed a six-headed hydra
 13441 | Lair:5   | Found an ornate altar of the Wu Jian Council.
 13541 | Lair:5   | Killed a six-headed hydra
 13781 | Lair:5   | Killed an eight-headed hydra
 14047 | Lair:6   | Entered Level 6 of the Lair of Beasts
 14047 | Lair:6   | Noticed a five-headed hydra
 14081 | Lair:6   | Found a staircase to the Slime Pits.
 14081 | Lair:6   | Noticed a death yak
 14081 | Lair:6   | Noticed a death yak
 14081 | Lair:6   | Noticed a death yak
 14081 | Lair:6   | Noticed a four-headed hydra
 14086 | Lair:6   | Noticed a death yak
 14115 | Lair:6   | Killed a five-headed hydra
 14243 | Lair:5   | Killed a death yak
 14244 | Lair:5   | Gained mutation: You are partially covered in sharp spines.
                  | [demonic ancestry]
 14244 | Lair:5   | Reached XP level 13. HP: 101/101 MP: 19/19
 14453 | Lair:6   | Reached skill level 10 in Bows
 14533 | Lair:6   | HP: 3/153 [spriggan rider (17)]
 14534 | Lair:6   | Slain by a spriggan rider

Illustrated notes

Levels and vault maps discovered:
D:1:      elethiomel_arrival_infinity_welcomes_careful_drivers,
          layout_loops_ring, shapermc_ecumenical_altar_starsandcircs
D:2:      layout_rooms, minmay_shallow_snake_nest, uniq_robin
D:3:      layout_loops_ring
D:4:      layout_basic, portal_sewer_entry_a, kennysheep_generic_room_2,
          uniq_duvessa
D:5:      layout_gridville, nemelex_xobeh_ov_fountains_minmay,
          minmay_temple_entry_glassed_door, uniq_pikel, uniq_prince_ribbit1,
          uniq_blork_the_orc
D:6:      layout_loops_cross, serial_bayou_crossing
D:7:      layout_loops_corners
D:8:      layout_rooms, erik_lair_dragon, enter_bailey_3, uniq_harold
Temple:   kilobyte_greek_temple
Lair:1:   layout_hall_layers, uniq_gastronok
Lair:2:   layout_roguey, elwin_shoals_entry_rooms, dummy_snake_entry,
          st_stairs_4, minmay_hedge_maze
Lair:3:   layout_regular_city, serial_rivers, chequers_serial_rivers_micro_d,
          chequers_serial_rivers_small_b, chequers_serial_rivers_micro_d,
          chequers_serial_rivers_small_3, chequers_serial_rivers_micro_d,
          chequers_serial_rivers_micro_e, grunt_megastairs_4
Lair:4:   wad_woods_pond, layout_loops_ring, uniq_sonja
Lair:5:   layout_regular_city, basic_altar, lemuel_fruit_tree,
          minmay_lair_oklob_chamber, serial_bayou_shore_b
Lair:6:   minmay_lair_end_enchanted_forest, layout_cave_shapes, slime_dummy,
          serial_bayou_shore_b

Skill      XL: |  1  2  3  4  5  6  7  8  9 10 11 12 13 |
---------------+----------------------------------------+-----
Bows           | 2 3 4 6 7 8 9 10 | 10.0
Armour         | 2 3 7 8 |  8.3
Dodging        | 1 2 3 4 6 7 8 9 |  9.3
Fighting       | 4 5 6 8 9 |  9.7
Stealth        | 1 2 3 4 |  4.0
Translocations | 1 2 3 4 |  4.0
Invocations    | 2 6 7 8 9 |  9.1
Long Blades    | 1 2 5 7 |  7.0
Spellcasting   | 2 |  2.0
Crossbows      | |  1.0
Evocations     | |  2.1

Action                   |  1- 3 |  4- 6 |  7- 9 | 10-12 | 13-15 || total
-------------------------+-------+-------+-------+-------+-------++-------
Melee: Trident           |       |    55 |    99 |       |       ||   154
       Long sword        |       |       |    89 |   279 |     2 ||   370
       Headbutt          |       |       |       |    37 |       ||    37
 Fire: Shortbow          |    98 |   173 |   294 |   268 |    99 ||   932
Throw: Throwing net      |       |       |     1 |     3 |       ||     4
       Dart              |       |       |       |     3 |       ||     3
 Cast: Gell's Gravitas   |       |       |     4 |       |       ||     4
Invok: Grow Ballistomyce |       |       |       |     2 |       ||     2
       Wall of Briars    |       |       |       |     1 |     2 ||     3
       Grow Oklob        |       |       |       |       |     1 ||     1
Evoke: Wand              |       |       |     5 |    18 |     1 ||    24
  Use: Scroll            |       |    11 |     5 |    14 |       ||    30
       Potion            |       |     1 |     6 |     4 |     3 ||    14
 Stab: Held in net/web   |       |       |       |     3 |       ||     3
       Sleeping          |       |       |       |     1 |       ||     1
Armor: Scale mail        |    17 |       |       |       |       ||    17
       Robe              |    11 |       |       |       |       ||    11
       Ring mail         |       |    64 |   131 |    16 |       ||   211
       Skin              |       |       |     3 |    69 |     3 ||    75
       Chain mail        |       |       |       |   177 |    16 ||   193
       Troll leather arm |       |       |       |    11 |    13 ||    24
Dodge: Dodged            |    20 |    82 |   225 |   308 |    46 ||   681
       Rpst.: Long sword |       |       |    37 |    71 |       ||   108
